 Dungeon Crawl Stone Soup version 0.31.0 (webtiles) character file.

Game seed: 13759319704539910414

4371 qw the Skirmisher (level 10, -15/64 HPs)
             Began as a Gargoyle Hunter on Jan 19, 2024.
             Was an Elder of Okawaru.
             Demolished by a komodo dragon (17 damage)
             ... on level 1 of the Lair of Beasts.
             The game lasted 00:00:51 (7055 turns).

qw the Skirmisher (Gargoyle Hunter)                 Turns: 7055, Time: 00:00:51

Health: -15/64     AC: 24    Str: 19    XL:     10   Next: 34%
Magic:  14/14      EV: 18    Int: 10    God:    Okawaru [****..]
Gold:   420        SH:  0    Dex: 17    Spells: 9/9 levels left

rFire   + + .        a - +0 shortbow
rCold   . . .        (shield currently unavailable)
rNeg    + . .        r - +3 ring mail of Cowardice {rF+ Str+4}
rPois   inf          c - +2 hat
rElec   +            h - +2 cloak
rCorr   .            l - +2 pair of gloves {hurl}
SInv    .            (no boots)
Will    .....        (no amulet)
Stlth   +            e - +5 ring of evasion
HPRegen 0.30/turn    b - ring of protection from fire
MPRegen 0.14/turn

%: no passive effects
@: no status effects
A: sickness immunity, AC +7, negative energy resistance 1, electricity
resistance, torment resistance 1, petrification resistance
a: Renounce Religion, Heroism, Finesse


You were on level 1 of the Lair of Beasts.
You worshipped Okawaru.
Okawaru was greatly pleased with you.
You visited 3 branches of the dungeon, and saw 10 of its levels.

You collected 534 gold pieces.
You spent 114 gold pieces at shops.


Innate Abilities, Weirdness & Mutations

You are immune to sickness and miasma.
Your stone body is resilient. (AC +7)
You are immune to poison.
You resist negative energy. (rN+)
You are resistant to electric shocks. (rElec)
You are resistant to unholy torment.
You are immune to petrification.


   Skills:
 + Level 7.9 Fighting
 - Level 11.0 Ranged Weapons
 - Level 3.0 Armour
 - Level 4.2 Dodging
 - Level 1.1 Stealth
 + Level 6.2 Invocations


You had 9 spell levels left.
You didn't know any spells.
Your spell library was empty.

Inventory:

Hand Weapons
 a - a +0 shortbow (weapon)
Armour
 c - a +2 hat (worn)
 h - a +2 cloak (worn)
 l - a +2 pair of gloves of hurling (worn)
 r - the +3 ring mail of Cowardice (worn) {rF+ Str+4}
   (You found it on level 7 of the Dungeon)

   Str+4:     It affects your strength (+4).
   rF+:       It protects you from fire.
Jewellery
 b - a ring of protection from fire (right hand)
 e - a +5 ring of evasion (left hand)
 j - a ring of positive energy
Wands
 m - a wand of light (7)
Potions
 g - a potion of resistance
 i - a potion of curing
 k - 2 potions of cancellation
 n - 2 potions of enlightenment
 o - a potion of might
 p - a potion of brilliance {unknown}

Dungeon Overview and Level Annotations

Branches:
Dungeon (8/15)             Temple (1/1) D:4            Lair (1/5) D:8

Altars:
Ashenzari
Cheibriados
Dithmenos
Elyvilon
Fedhas
Gozag
Hepliaklqana
Kikubaaqudgha
Nemelex Xobeh
Okawaru
Qazlal
Ru
Sif Muna
Uskayaw
Vehumet
Wu Jian
Xom
Yredelemnul
Zin
The Shining One

Shops:
D:3 ?((   D:5 :

Annotations:
D:3 2 runed translucent doors, qw's ghost, amateur GrHu
D:6 2 transporters, qw's ghost, novice GrHu
Lair:1 exclusion: 4 yaks


Message History

The komodo dragon is lightly wounded.
The yak gores you but does no damage.
You shoot an arrow. The arrow closely misses the yak.
The arrow hits the komodo dragon.
The komodo dragon is lightly wounded.
The yak closely misses you.
Enter note:
7045 ||| RETREEEEATING.
The yak attacks as it pursues you! The yak gores you but does no damage.
You shoot an arrow. The arrow closely misses the yak.
The yak gores you!
You shoot an arrow. The arrow hits the yak.
The yak is severely wounded.
The yak gores you but does no damage.
You shoot an arrow. The arrow barely misses the yak.
The komodo dragon misses you. The yak barely misses you.
You shoot an arrow. The arrow hits the yak.
The yak is severely wounded.
The komodo dragon bites you but does no damage.
You shoot an arrow. The arrow hits the yak.
The yak is almost dead.
The yak gores you but does no damage.
You shoot an arrow. The arrow hits the yak.
The yak is almost dead.
The komodo dragon misses you. The yak completely misses you.
You shoot an arrow. The arrow hits the yak!
You kill the yak!
Okawaru accepts your kill. The komodo dragon misses you.
You shoot an arrow.
The arrow hits the komodo dragon but does no damage.
The komodo dragon is lightly wounded.
The komodo dragon closely misses you.
You shoot an arrow. The arrow hits the komodo dragon.
The komodo dragon is lightly wounded.
The komodo dragon bites you!
You shoot an arrow. The arrow hits the komodo dragon.
The komodo dragon is moderately wounded.
The komodo dragon bites you!
You die...

~~~~~~~..l...[..#
~~~~~~~~....(...##
~~~~~~~~...>.....
~~~.~~~~.......##
~~.<.~~~....#.?.###
~~~..~~~~## #.....#
~~~~~~~~~##.##...##
~~~~~~~~.##....#%#######
~~~~~%.~#####..l@......##.
.~.~~..## ##...#.###.....
.####l[# #....##.#...... .
#.## #..........#
##.....P# #...............
###.........#############
#######... #...


You could see a komodo dragon.

Vanquished Creatures
  An elephant (D:8)
  11 yaks
  A wyvern (D:8)
  2 basilisks (D:8)
  A black bear (D:5)
  4 ice beasts
  An ogre (D:6)
  A centaur (D:6)
  A phantom (D:7)
  A kobold brigand (D:6)
  2 bullfrogs
  4 scorpions
  A gnoll sergeant (D:5)
  A howler monkey (D:7)
  2 hounds
  7 orc priests
  4 iguanas
  7 orc wizards
  13 adders
  A shadow imp (D:6)
  3 white imps
  3 ufetubi
  3 ribbon worms
  A dart slug (D:1)
  34 orcs
  4 bats
  5 endoplasms
  8 giant cockroaches
  7 goblins
  7 hobgoblins
  6 jackals
  11 kobolds
  4 quokkas
  5 ball pythons
  4 frilled lizards
  5 rats
176 creatures vanquished.

Notes
Turn   | Place    | Note
-------+----------+-------------------------------------------
     0 | D:1      | qw the Gargoyle Hunter began the quest for the Orb.
     0 | D:1      | Reached XP level 1. HP: 12/12 MP: 1/1
     0 | D:1      | 0 ||| qw: Version: 0.3-a-132-g3d54051
     0 | D:1      | 0 ||| qw: Game counter: 219
     0 | D:1      | 0 ||| qw: Melee chars always use a shield: true
     0 | D:1      | 0 ||| qw: God list: Okawaru
     0 | D:1      | 0 ||| qw: Allow faded altars: false
     0 | D:1      | 0 ||| qw: Do Orc after clearing Dungeon:15 true
     0 | D:1      | 0 ||| qw: Do second Lair branch before Depths: true
     0 | D:1      | 0 ||| qw: Lair rune preference: random
     0 | D:1      | 0 ||| qw: Goals: Normal
     0 | D:1      | 0 ||| PLANNING D:1-11
   115 | D:1      | Reached XP level 2. HP: 17/17 MP: 2/2
   187 | D:1      | HP: 4/17 [giant cockroach (2)]
   513 | D:1      | Reached XP level 3. HP: 16/21 MP: 3/3
   629 | D:1      | Reached skill level 5 in Ranged Weapons
   691 | D:1      | 691 ||| UPGRADING to +0 ring mail.
   701 | D:1      | 701 ||| DROPPING +0 leather armour.
   702 | D:1      | 702 ||| UPGRADING to +5 ring of evasion.
   703 | D:1      | 703 ||| READING scroll labelled KOINNU ISAHIALAT.
   704 | D:1      | 704 ||| READING scroll labelled GAUVVE ANAMP.
   704 | D:1      | 704 ||| IDENTIFYING emerald potion
   705 | D:1      | 705 ||| READING scroll labelled BUYKLEIREDU.
   806 | D:1      | 806 ||| READING scroll labelled VENTOI NAJOLUQ.
   807 | D:1      | 807 ||| DRINKING 2 fizzy green potions.
   808 | D:1      | 808 ||| DROPPING scroll of butterflies.
   997 | D:2      | Reached skill level 1 in Armour
  1189 | D:2      | Reached XP level 4. HP: 27/27 MP: 4/4
  1396 | D:2      | Reached skill level 3 in Fighting
  1853 | D:2      | 1853 ||| UPGRADING to +2 hat.
  1858 | D:2      | 1858 ||| READING scroll labelled KYIMOYLANT.
  1858 | D:2      | 1858 ||| ENCHANTING +0 shortbow.
  1859 | D:2      | 1859 ||| READING 2 scrolls labelled GUZ DINOIN GIK.
  1860 | D:2      | 1860 ||| FLEEEEING.
  1891 | D:3      | Reached XP level 5. HP: 32/32 MP: 5/5
  1969 | D:3      | You fall into a shaft and drop 1 floor!
  2035 | D:4      | 2035 ||| UPGRADING to +0 cloak.
  2040 | D:4      | 2040 ||| FLEEEEING.
  2047 | D:4      | 2047 ||| STAIRDANCE
  2068 | D:3      | Reached skill level 6 in Ranged Weapons
  2068 | D:3      | 2068 ||| UPGRADING to +2 pair of gloves of hurling.
  2174 | D:3      | Found a broken altar of Ashenzari.
  2229 | D:3      | Found Nossaerr's Magic Scroll Shoppe.
  2232 | D:3      | 2232 ||| SHOPLISTING scroll of acquirement (624 gold, have
                  | 125).
  2232 | D:3      | 2232 ||| BUYING scroll of enchant armour (90 gold).
  2232 | D:3      | Bought a scroll of enchant armour for 90 gold pieces
  2232 | D:3      | 2232 ||| SHOPLISTING scroll of enchant weapon (90 gold,
                  | have 35).
  2232 | D:3      | 2232 ||| BUYING scroll of identify (24 gold).
  2232 | D:3      | Bought a scroll of identify for 24 gold pieces
  2232 | D:3      | 2232 ||| SHOPLISTING scroll of identify (24 gold, have 11).
  2232 | D:3      | 2232 ||| SHOPLISTING scroll of teleportation (36 gold, have
                  | 11).
  2232 | D:3      | 2232 ||| READING scroll of enchant armour.
  2232 | D:3      | 2232 ||| ENCHANTING +0 cloak.
  2272 | D:3      | Identified the +0 scale mail of Ketuz {rC++}
  2324 | D:3      | Found a runed translucent door.
  2330 | D:3      | Found Suavie Sulu's Antique Weapon Emporium.
  2334 | D:3      | 2334 ||| SHOPLISTING glowing sling (117 gold, have 11).
  2340 | D:3      | Found Qadyoli's Antique Weapon Emporium.
  2513 | D:3      | Found a runed translucent door.
  2515 | D:3      | Noticed qw's ghost (amateur GrHu)
  2533 | D:3      | 2533 ||| READING 2 scrolls of identify.
  2533 | D:3      | 2533 ||| IDENTIFYING red potion
  2534 | D:3      | 2534 ||| READING scroll of identify.
  2534 | D:3      | 2534 ||| IDENTIFYING inky potion
  2549 | D:4      | Found a staircase to the Ecumenical Temple.
  2550 | D:4      | 2550 ||| PLANNING TEMPLE
  2567 | Temple   | Entered the Ecumenical Temple
  2568 | Temple   | 2568 ||| PLANNING OKAWARU WORSHIP
  2581 | Temple   | Became a worshipper of Warmaster Okawaru
  2582 | Temple   | 2582 ||| PLANNING D:1-11
  2689 | D:4      | Reached XP level 6. HP: 36/38 MP: 6/6
  2858 | D:4      | 2858 ||| FLEEEEING.
  2870 | D:4      | 2870 ||| FLEEEEING.
  2875 | D:4      | Found a stormy altar of Qazlal.
  2881 | D:4      | 2881 ||| FLEEEEING.
  2892 | D:4      | 2892 ||| FLEEEEING.
  2910 | D:4      | 2910 ||| FLEEEEING.
  2921 | D:4      | 2921 ||| FLEEEEING.
  2932 | D:4      | 2932 ||| FLEEEEING.
  3022 | D:4      | 3022 ||| FLEEEEING.
  3033 | D:4      | 3033 ||| STAIRDANCE
  3263 | D:4      | 3263 ||| READING scroll labelled XIOQIZ WAIR.
  3264 | D:4      | 3264 ||| READING scroll labelled JOBIEPR JIEZ.
  3274 | D:5      | Entered Level 5 of the Dungeon
  3276 | D:5      | 3276 ||| STAIRDANCE
  3284 | D:5      | Found a shimmering blue altar of Sif Muna.
  3284 | D:5      | Found a sparkling altar of Nemelex Xobeh.
  3323 | D:5      | Found Ecaunt's Book Shop.
  3361 | D:5      | Noticed an ice beast
  3362 | D:5      | 3362 ||| DRINKING potion of haste.
  3374 | D:5      | Killed an ice beast
  3374 | D:5      | Reached * piety under Okawaru
  3375 | D:5      | Reached skill level 7 in Ranged Weapons
  3375 | D:5      | Reached XP level 7. HP: 43/43 MP: 7/7
  3548 | D:5      | Reached skill level 1 in Invocations
  3603 | D:5      | 3603 ||| RETREEEEATING.
  3604 | D:5      | 3604 ||| RETREEEEATING.
  3605 | D:5      | 3605 ||| RETREEEEATING.
  3606 | D:5      | 3606 ||| RETREEEEATING.
  3607 | D:5      | 3607 ||| RETREEEEATING.
  3608 | D:5      | 3608 ||| ZAPPING wand of light (5) at -1,0 (black bear;
                  | floor).
  3609 | D:5      | 3609 ||| FLEEEEING.
  3620 | D:5      | 3620 ||| FLEEEEING.
  3789 | D:5      | Reached ** piety under Okawaru
  3791 | D:5      | Reached skill level 3 in Invocations
  3799 | D:5      | 3799 ||| FLEEEEING.
  3808 | D:5      | 3808 ||| STAIRDANCE
  3836 | D:4      | 3836 ||| UPGRADING to ring of protection from fire.
  3878 | D:5      | Reached skill level 8 in Ranged Weapons
  3889 | D:5      | 3889 ||| FLEEEEING.
  3891 | D:5      | HP: 10/43 [iguana (11)]
  3892 | D:5      | 3892 ||| READING 3 scrolls of teleportation.
  4048 | D:5      | Reached XP level 8. HP: 47/48 MP: 10/10
  4191 | D:5      | 4191 ||| UPGRADING to +2 cloak.
  4201 | D:5      | 4201 ||| DROPPING +1 cloak.
  4202 | D:5      | 4202 ||| READING scroll labelled ALO ULERUNN.
  4298 | D:6      | 4298 ||| FLEEEEING.
  4307 | D:6      | 4307 ||| STAIRDANCE
  4379 | D:6      | 4379 ||| FLEEEEING.
  4461 | D:6      | Found a transporter.
  4491 | D:6      | Noticed qw's ghost (novice GrHu)
  4495 | D:6      | Identified the ring of the Lily {Will+ Int+6}
  4621 | D:6      | Noticed a yak
  4621 | D:6      | Noticed a yak
  4622 | D:6      | 4622 ||| INVOKING Heroism.
  4623 | D:6      | Noticed a yak
  4625 | D:6      | 4625 ||| RETREEEEATING.
  4625 | D:6      | Noticed a yak
  4626 | D:6      | 4626 ||| RETREEEEATING.
  4627 | D:6      | 4627 ||| RETREEEEATING.
  4651 | D:6      | 4651 ||| INVOKING Heroism.
  4652 | D:6      | Killed a yak
  4661 | D:6      | Killed a yak
  4662 | D:6      | Reached skill level 9 in Ranged Weapons
  4662 | D:6      | Killed a yak
  4663 | D:6      | Reached XP level 9. HP: 50/54 MP: 10/12
  4671 | D:6      | Reached skill level 6 in Fighting
  4679 | D:6      | 4679 ||| FLEEEEING.
  4757 | D:6      | Reached *** piety under Okawaru
  4946 | D:6      | 4946 ||| FLEEEEING.
  5087 | D:6      | Found a transporter.
  5151 | D:6      | 5151 ||| READING scroll of identify.
  5151 | D:6      | 5151 ||| IDENTIFYING glowing red potion
  5152 | D:6      | 5152 ||| READING scroll labelled BAANIEW VORU.
  5228 | D:7      | 5228 ||| STAIRDANCE
  5320 | D:7      | Reached skill level 10 in Ranged Weapons
  5320 | D:7      | 5320 ||| FLEEEEING.
  5429 | D:7      | Reached skill level 3 in Armour
  5471 | D:7      | 5471 ||| FLEEEEING.
  5476 | D:7      | 5476 ||| STAIRDANCE
  5652 | D:7      | Identified the +3 ring mail of Cowardice {rF+ Str+4}
  5751 | D:7      | 5751 ||| FLEEEEING.
  5751 | D:7      | Found a glowing silver altar of Zin.
  5757 | D:7      | 5757 ||| STAIRDANCE
  5845 | D:6      | 5845 ||| UPGRADING to +3 ring mail of Cowardice {rF+
                  | Str+4}.
  5855 | D:6      | 5855 ||| DROPPING +0 ring mail.
  5856 | D:6      | 5856 ||| READING 2 scrolls labelled ETYZIOTOKUA.
  5857 | D:6      | 5857 ||| DROPPING scroll of amnesia.
  5929 | D:7      | Found a shadowy altar of Dithmenos.
  5951 | D:7      | Found a basalt altar of Yredelemnul.
  5952 | D:7      | 5952 ||| READING scroll labelled ZUOSCH XIMEZU.
  6002 | D:8      | Noticed an elephant
  6003 | D:8      | 6003 ||| RETREEEEATING.
  6007 | D:8      | 6007 ||| RETREEEEATING.
  6009 | D:8      | 6009 ||| RETREEEEATING.
  6010 | D:8      | 6010 ||| RETREEEEATING.
  6011 | D:8      | 6011 ||| RETREEEEATING.
  6012 | D:8      | 6012 ||| ZAPPING wand of light (8) at 0,3 (elephant;
                  | floor).
  6013 | D:8      | 6013 ||| INVOKING Heroism.
  6033 | D:8      | Killed an elephant
  6039 | D:8      | Reached **** piety under Okawaru
  6057 | D:8      | Found a staircase to the Lair.
  6086 | D:8      | 6086 ||| FLEEEEING.
  6223 | D:8      | 6223 ||| FLEEEEING.
  6645 | D:8      | Reached XP level 10. HP: 36/63 MP: 13/13
  6815 | D:8      | 6815 ||| PLANNING LAIR
  6815 | D:8      | 6815 ||| READING scroll of identify.
  6815 | D:8      | 6815 ||| IDENTIFYING golden potion
  6859 | Lair:1   | Entered Level 1 of the Lair of Beasts
  6879 | Lair:1   | 6879 ||| RETREEEEATING.
  6885 | Lair:1   | 6885 ||| INVOKING Finesse.
  6918 | Lair:1   | 6918 ||| INVOKING Finesse.
  6931 | Lair:1   | Reached skill level 11 in Ranged Weapons
  6969 | Lair:1   | Reached skill level 6 in Invocations
  6977 | Lair:1   | HP: 16/64 [komodo dragon (8)]
  6978 | Lair:1   | 6978 ||| READING 5 scrolls of teleportation.
  6983 | Lair:1   | 6983 ||| READING 4 scrolls of teleportation.
  6985 | Lair:1   | HP: 1/64 [komodo dragon (11)]
  7007 | Lair:1   | 7007 ||| READING 3 scrolls of teleportation.
  7011 | Lair:1   | 7011 ||| RETREEEEATING.
  7012 | Lair:1   | 7012 ||| READING 2 scrolls of teleportation.
  7013 | Lair:1   | 7013 ||| RETREEEEATING.
  7013 | Lair:1   | Noticed a cane toad
  7014 | Lair:1   | 7014 ||| RETREEEEATING.
  7016 | Lair:1   | 7016 ||| RETREEEEATING.
  7032 | Lair:1   | 7032 ||| READING scroll of teleportation.
  7038 | Lair:1   | 7038 ||| RETREEEEATING.
  7040 | Lair:1   | 7040 ||| RETREEEEATING.
  7041 | Lair:1   | 7041 ||| RETREEEEATING.
  7045 | Lair:1   | 7045 ||| RETREEEEATING.
  7046 | Lair:1   | HP: 11/64 [yak (8)]
  7054 | Lair:1   | HP: 2/64 [komodo dragon (12)]
  7055 | Lair:1   | Demolished by a komodo dragon

Levels and vault maps discovered:
D:1:      dpeg_arrival_connections, layout_loops_cross
D:2:      minmay_door_path, layout_loops_corners
D:3:      layout_rooms, nicolae_overflow_hidden_temple, ebering_ghost_sewer_f,
          serial_shops, nicolae_shop_temple_entry_statues_fountains, shop,
          nicolae_shop_rolled_up, ebering_dispersal_statue_hall,
          bh_walls_and_bars
D:4:      layout_rooms, mainiacjoe_overflow_alcove_1, temple_fountains,
          nicolae_elevator_lobby_plus
D:5:      layout_rooms, jmf_multi_god_temple, serial_shops, shop,
          serial_aquarium, aquarium_bridge_island_large
          [aquarium_subvault_large_water, aquarium_subvault_bridge,
          aquarium_subvault_window, aquarium_subvault_bridge,
          aquarium_subvault_wall], aquarium_window_1, aquarium_window_corner,
          aquarium_window_corridor_3, aquarium_window_2, aquarium_view_2d,
          aquarium_view_4, aquarium_pool_2, minmay_small_thing
D:6:      layout_loops_cross, gammafunk_ghost_gnarly_gnolls
D:7:      layout_rooms, mainiacjoe_overflow_big_doors,
          mainiacjoe_overflow_catwalk
D:8:      layout_basic, david_lair_generic, nicolae_nh_ransacked_shop
Temple:   nicolae_temple_bog_church
Lair:1:   layout_misc_corridors, infiniplex_staircase_pool_2

Skill      XL: |  1  2  3  4  5  6  7  8  9 10 |
---------------+-------------------------------+-----
Ranged Weapons | 5 6 7 8 9 10 11 | 11.0
Armour         | 1 2 3 |  3.0
Fighting       | 3 4 5 7 |  7.9
Invocations    | 3 4 6 |  6.2
Dodging        | 2 4 |  4.2
Stealth        | |  1.1

Action                     |  1- 3 |  4- 6 |  7- 9 | 10-12 || total
---------------------------+-------+-------+-------+-------++-------
  Melee: Shortbow          |       |     1 |     3 |       ||     4
   Fire: Shortbow          |   115 |   280 |   429 |   160 ||   984
 Invoke: Heroism           |       |       |     3 |       ||     3
         Finesse           |       |       |       |     2 ||     2
  Evoke: Wand              |       |       |     2 |       ||     2
    Use: Scroll            |     4 |     7 |     6 |     6 ||    23
         Potion            |     1 |     1 |       |       ||     2
 Armour: Leather armour    |    40 |       |       |       ||    40
         Ring mail         |    10 |    95 |   158 |    65 ||   328
  Dodge: Dodged            |    47 |   138 |   193 |    80 ||   458

Table legend:
 A = Non-vault XP
 B = Vault XP
 C = Vault XP percentage of total XP
 D = Non-vault monster count
 E = Vault monster count
 F = Vault count percentage of total count
                 A         B        C        D         E       F
            +---------+---------+-------+---------+---------+-------
      Total |    4800 |    1445 |  23.1 |     160 |      16 |   9.1
            +---------+---------+-------+---------+---------+-------
        D:1 |      41 |       0 |   0.0 |      23 |       0 |   0.0
        D:2 |      90 |      18 |  16.7 |      23 |       3 |  11.5
        D:3 |      56 |       0 |   0.0 |      15 |       0 |   0.0
        D:4 |     324 |       0 |   0.0 |      30 |       0 |   0.0
        D:5 |     486 |     290 |  37.4 |      11 |       4 |  26.7
        D:6 |    1437 |       0 |   0.0 |      17 |       0 |   0.0
        D:7 |     604 |       0 |   0.0 |      26 |       0 |   0.0
        D:8 |     239 |    1137 |  82.6 |       7 |       9 |  56.2
     Lair:1 |    1523 |       0 |   0.0 |       8 |       0 |   0.0
            +---------+---------+-------+---------+---------+-------
